 Dungeon Crawl Stone Soup version 0.19-a0-975-gfff5315 (webtiles) character file.

15531733 mistymad the Conqueror (level 27, 298/298 HPs)
             Began as a Gargoyle Fighter on July 11, 2016.
             Was a High Priest of the Shining One.
             Escaped with the Orb
             ... and 15 runes on July 14, 2016!
             The game lasted 06:33:04 (101516 turns).

mistymad the Conqueror (Gargoyle Fighter)         Turns: 101516, Time: 06:33:05

Health: 298/298    AC: 73    Str: 31    XL:     27
Magic:  26/40      EV: 34    Int: 15    God:    the Shining One [*****.]
Gold:   15185      SH: 39    Dex: 26    Spells: 4 memorised, 20 levels left

rFire  + + +     SeeInvis +     A - +9 eveningstar (holy)
rCold  + + +     Gourm    .     w - +12 gold dragon armour
rNeg   + + +     Faith    .     y - +4 large shield {reflect}
rPois  ∞         Spirit   .     Q - +2 hat of Caffet {rC+ MR+ Dex+4}
rElec  +         Dismiss  .     n - +2 cloak {MR+}
rCorr  +         Reflect  +     h - +0 pair of gloves "Quuckoem" {rElec rF++ Regen+ Dex+3}
SustAt .         Harm     .     B - +1 pair of boots of Freedom {rElec rF+ rN+}
MR     +++++                    M - amulet of Domy {Reflect rF+ MR+ SH+4}
Stlth  ..........               q - ring "Liettuyc" {+Inv rPois rC+ MR++}
                                G - ring of Ceashye {rN+ MR+ Int+4 SInv Stlth+, =R}

@: mighty, agile, berserking, resistant, flying, very slightly contaminated,
hasted, glowing, very quick, almost entirely resistant to hostile enchantments,
extremely unstealthy
A: big wings, claws 1, horns 1, talons 1, large bone plates 1, see invisible,
magic resistance 1, negative energy resistance 1, electricity resistance,
unbreathing, petrification resistance, rot immunity, AC +20
a: Stop Flying, Divine Shield, Cleansing Flame, Summon Divine Warrior, Renounce
Religion, Evoke Invisibility
0: Orb of Zot
}: 15/15 runes: decaying, serpentine, slimy, silver, golden, iron, obsidian,
icy, bone, abyssal, demonic, glowing, magical, fiery, dark


You escaped.
You worshipped the Shining One.
The Shining One was extremely pleased with you.
You were hungry.

You visited 18 branches of the dungeon, and saw 88 of its levels.
You visited Pandemonium 1 time, and saw 41 of its levels.
You visited the Abyss 1 time.
You also visited: Bailey and Ice Cave.

You collected 15934 gold pieces.
You spent 749 gold pieces at shops.

Inventory:

Hand Weapons
 A - a +9 eveningstar of holy wrath (weapon)
Armour
 h - the +0 pair of gloves "Quuckoem" (worn) {rElec rF++ Regen+ Dex+3}
   (You found it on level 5 of the Vaults)

   It affects your dexterity (+3).
   It greatly protects you from fire.
   It insulates you from electricity.
   It increases your rate of regeneration.
 n - a +2 cloak of magic resistance (worn)
 w - a +12 gold dragon armour (worn)
 y - a +4 large shield of reflection (worn)
 B - the +1 pair of boots of Freedom (worn) {rElec rF+ rN+}
   (Okawaru gifted it to you on level 6 of the Lair of Beasts)

   It protects you from fire.
   It insulates you from electricity.
   It protects you from negative energy.
 L - the +0 hat of Marbles {rElec rC+++ MR- Str+5}
   (You acquired it in Pandemonium)

   It affects your strength (+5).
   It renders you almost immune to cold.
   It insulates you from electricity.
   It affects your resistance to hostile enchantments.
 Q - the +2 hat of Caffet (worn) {rC+ MR+ Dex+4}
   (Okawaru gifted it to you on level 2 of the Realm of Zot)

   It affects your dexterity (+4).
   It protects you from cold.
   It affects your resistance to hostile enchantments.
Jewellery
 q - the ring "Liettuyc" (right hand) {+Inv rPois rC+ MR++}
   (You found it on level 5 of the Pits of Slime)

   [ring of poison resistance]

   It protects you from cold.
   It protects you from poison.
   It affects your resistance to hostile enchantments.
   It lets you turn invisible.
 G - the ring of Ceashye (left hand) {rN+ MR+ Int+4 SInv Stlth+, =R}
   (You took it off an ironbrand convoker on level 5 of the Vaults)

   [ring of see invisible]

   It affects your intelligence (+4).
   It protects you from negative energy.
   It affects your resistance to hostile enchantments.
   It lets you see invisible.
   It makes you more stealthy.
 M - the amulet of Domy (around neck) {Reflect rF+ MR+ SH+4}
   (You found it on level 5 of the Pits of Slime)

   [amulet of reflection]

   It shields you and reflects attacks.
   It protects you from fire.
   It affects your resistance to hostile enchantments.
   It affects your SH (+4).
 N - the amulet "Uwilead" {Dismiss +Blink +Fly rC+++ Int-3}
   (You found it on level 7 of Tartarus)

   [amulet of dismissal]

   It may teleport away creatures that harm you.
   It affects your intelligence (-3).
   It renders you almost immune to cold.
   It lets you fly.
   It lets you blink.
 P - the ring of Rat Imie {rCorr MR+ Int+4}
   (You took it off a naga on level 4 of the Snake Pit)

   [ring of resist corrosion]

   It affects your intelligence (+4).
   It affects your resistance to hostile enchantments.
Wands
 c - a wand of teleportation (4/9)
 z - a wand of hasting (3/9)
 H - a wand of heal wounds (3/9)
 K - a wand of digging (2/24) {V}
Scrolls
 d - 4 scrolls of magic mapping
 e - 4 scrolls of fear
 i - 10 scrolls of blinking
 k - 16 scrolls of identify
 o - 25 scrolls of teleportation
 r - 37 scrolls of remove curse
 t - 10 scrolls of fog
 x - 3 scrolls of recharging
 D - a scroll of summoning
 O - 5 scrolls of silence
Potions
 b - 43 potions of curing
 l - 3 potions of berserk rage
 s - 12 potions of heal wounds
 u - 3 potions of agility
 v - 6 potions of invisibility
 I - 3 potions of resistance
 J - 3 potions of might
 R - 7 potions of cancellation
 S - 14 potions of magic
 U - 2 potions of ambrosia
 V - 13 potions of haste
Miscellaneous
 C - 3 phantom mirrors
Comestibles
 f - 37 bread rations
 g - 37 meat rations
 j - 21 beef jerkies
 E - 9 royal jellies


   Skills:
 O Level 27 Fighting
 O Level 27 Maces & Flails
 O Level 27 Armour
 O Level 27 Dodging
 O Level 27 Shields
 O Level 27 Invocations
 + Level 18.5 Evocations


You had 20 spell levels left.
You knew the following spells:

 Your Spells              Type           Power        Failure   Level  Hunger
a - Apportation           Tloc           #.........   96%         1    ##.....
b - Summon Butterflies    Summ           #.......     96%         1    ##.....
c - Repel Missiles        Chrm/Air       #.....       99%         2    ###....
d - Blink                 Tloc           N/A          99%         2    ###....


Dungeon Overview and Level Annotations

Branches:
Dungeon (15/15)            Temple (1/1) D:6            Lair (6/6) D:9
  Swamp (4/4) Lair:3        Snake (4/4) Lair:4        Slime (5/5) Lair:6
    Orc (2/2) D:11            Elf (3/3) Orc:2        Vaults (5/5) D:14
  Crypt (3/3) Vaults:3       Tomb (3/3) Crypt:3      Depths (5/5) D:15
   Hell (1/1)                 Dis (7/7) Hell            Geh (7/7) Hell
    Coc (7/7) Hell            Tar (7/7) Hell            Zot (5/5) Depths:5

Altars:
Ashenzari
Cheibriados
Dithmenos
Elyvilon
Fedhas
Gozag
Hepliaklqana
Kikubaaqudgha
Makhleb
Nemelex Xobeh
Okawaru
Pakellas
Qazlal
Ru
Sif Muna
Trog
Uskayaw
Vehumet
Xom
Yredelemnul
Zin
The Shining One
Beogh
Jiyva
Lugonu

Shops:
D:11 !   Orc:2 ([:*   Elf:1 !   Elf:2 *   Elf:3 [   Vaults:5 =   Depths:3 =*

Portals:
Hell: Depths:1 Depths:2 Depths:3 Depths:4 Depths:5
Abyss: Depths:2 Depths:4
Pandemonium: Depths:3 Depths:4
Ziggurat: Depths:1

Annotations:
Lair:3 1 exclusion


Innate Abilities, Weirdness & Mutations

You are resistant to torment.
Your stone body is resilient. (AC +20)
You are immune to poison.
Your large and strong wings let you fly indefinitely.
You resist negative energy. (rN+)
You are resistant to electric shocks. (rElec)
You can survive without breathing.
You are immune to petrification.
You are immune to rotting.
You have sharp fingernails.
You have a pair of small horns on your head.
You have sharp toenails.
You are partially covered in large bone plates. (AC +2, SH +2)
You have supernaturally acute eyesight. (SInv)
You are resistant to hostile enchantments. (MR+)


Message History

The Shining One accepts your kill.
No target in view!
No target in view!
Unknown command.
You swap places.
Your resistance to elements expires.
There is a staircase leading out of the dungeon here.
You feel agile all of a sudden.
You feel protected.
You feel very mighty all of a sudden.
You feel yourself speed up.
You are feeling hungry.
A red film seems to cover your vision as you go berserk!
You feel yourself moving faster!
You feel mighty!
Your divine shield fades away.
You now have 298/298 hp.
You can't go down here!
Unknown command.
You feel a strong urge to attack something.
You have escaped!

#######
#..@A.#
#.AAA)#
#..8..#
#.....#
#.....#
###)###
#)# #.#
#)#


You could see 2 friendly daevas and 2 friendly angels.

Vanquished Creatures
  Cerebov (Pan)
  Antaeus (Coc:7)
  Asmodeus (Geh:7)
  the Royal Jelly (Slime:5)
  Dissolution (Slime:3)
  Mnoleg (Pan)
  Lom Lobon (Pan)
  the Serpent of Hell (Dis:7)
  20 pandemonium lords
  Dispater (Dis:7)
  6 orbs of fire
  Mara (Tomb:2)
  Mennas (Pan)
  8 ancient liches
  A juggernaut (Depths:5)
  36 greater mummies
  5 shard shrikes (Coc:6)
  Boris (Vaults:5)
  Saint Roka (Depths:1)
  4 curse toes
  Frederick (Depths:4)
  2 Killer Klowns (Zot:5)
  15 golden dragons
  Nikola (Elf:1)
  Geryon (Hell)
  8 bone dragons
  2 profane servitors
  5 iron giants (Dis:7)
  6 doom hounds
  4 liches
  26 Tzitzimimeh
  Jorgrun (Vaults:2)
  22 Brimstone Fiends
  24 tentacled monstrosities
  2 electric golems
  A hellephant (Pan)
  10 Hell Sentinels
  Asterion (Vaults:2)
  Rupert (Snake:1)
  22 Ice Fiends
  5 quicksilver dragons
  25 Orb Guardians
  20 titans
  9 deep elf blademasters
  16 acid blobs
  Murray (Hell)
  A deep elf master archer (Elf:3)
  3 eldritch tentacles
  16 death cobs
  2 ancient champions
  31 Executioners
  8 tengu reavers
  3 thorn hunters
  6 sphinxes
  15 storm dragons
  Kirke (D:13)
  A draconian monk (Zot:1)
  13 shadow dragons
  8 revenants
  3 daevas (Pan)
  6 azure jellies
  18 fire giants
  6 iron dragons
  5 draconian knights
  11 corrupters
  27 frost giants
  A draconian scorcher (Depths:5)
  8 greater nagas
  8 deep elf sorcerers
  15 vault wardens
  3 draconian zealots
  14 blood saints (Pan)
  Aizul (Elf:1)
  The ghost of Tungsten the Grappler, an adept VSMo of Cheibriados (Swamp:4)
  15 warmongers (Pan)
  5 draconian shifters
  6 curse skulls
  32 cacodemons (Pan)
  4 deep elf elementalists
  2 orc warlords
  13 angels (Pan)
  7 draconian annihilators
  5 spriggan defenders (Depths:3)
  16 ironheart preservers
  3 elemental wellsprings
  57 reapers
  32 stone giants
  6 war gargoyles (Dis:7)
  31 balrugs
  37 very ugly things
  15 ghouls
  6 ophanim (Pan)
  A draconian caller (Zot:3)
  2 entropy weavers (Lair:5)
  10 deep elf demonologists
  13 bennus
  Azrael (Elf:1)
  15 green draconians
  13 vampire knights
  3 apis (Pan)
  18 chaos champions (Pan)
  Nessos (Lair:5)
  A dire elephant (D:15)
  3 spark wasps (Depths:5)
  7 white draconians
  14 lorocyprocas (Pan)
  11 purple draconians
  8 red draconians
  6 black draconians
  20 deep elf annihilators
  17 black suns
  7 mottled draconians
  3 yellow draconians
  13 eidola
  20 green deaths
  22 ettins
  Snorg (D:10)
  7 jiangshi
  8 statues (Depths:4)
  2 death oozes (Slime:4)
  39 blizzard demons
  20 ogre magi
  7 quicksilver dragon zombies
  Josephine (Orc:1)
  13 deep elf death magi
  10 yaktaur captains
  25 mummy priests
  38 vault guards
  4 deep elf high priests (Elf:3)
  15 fire dragons
  8 great orbs of eyes
  33 ice dragons
  A kraken zombie (Coc:2)
  19 naga warriors
  A great orb of eyes (shapeshifter) (Depths:4)
  11 hydras
  7 rakshasas
  8 quicksilver dragon skeletons
  5 hell beasts (Pan)
  2 ghost crabs
  2 juggernaut simulacra (Pan)
  7 spriggan air magi
  12 centaur warriors
  19 monstrous demonspawn
  13 anacondas
  The ghost of tstbtto the Carver, a novice MiFi of Cheibriados (D:9)
  10 alligators
  3 death knights
  A queen ant (Lair:6)
  13 deep troll earth magi
  11 deep troll shamans
  18 dancing weapons
  18 death yaks
  5 titan zombies
  28 death scarabs
  5 tengu warriors
  5 orc high priests
  10 vampire magi
  24 hell hogs
  4 spriggan berserkers
  3 small abominations
  2 thrashing horrors (Abyss:3)
  The ghost of trelanon the Nimble, a novice TrMo of Gozag (Bailey)
  5 shock serpents
  17 hell knights
  5 storm dragon zombies
  81 sun demons
  6 holy swine (Pan)
  64 soul eaters
  27 deep elf knights
  Sonja (Lair:1)
  23 naga sharpshooters
  3 wretched stars (Abyss:3)
  9 iron trolls
  54 large abominations
  5 titan skeletons
  A fire crab (shapeshifter) (Depths:5)
  32 deep trolls
  12 shadow wraiths
  7 anaconda zombies
  A spark wasp zombie (Hell)
  A death drake (Swamp:4)
  A spatial maelstrom (Abyss:3)
  8 flayed ghosts
  48 skeletal warriors
  An unseen horror (shapeshifter) (Vaults:1)
  30 gelid demonspawn
  14 cherubim (Pan)
  5 storm dragon skeletons
  11 wizards
  A ghost moth zombie (Tar:2)
  6 golden dragon zombies
  A spriggan druid (Swamp:3)
  2 shadow dragon zombies
  8 naga ritualists
  15 shadow demons
  4 swamp dragons
  A spectral hydra (Swamp:4)
  8 hill giants
  18 infernal demonspawn
  Pikel (D:7)
  13 anubis guards
  An unseen horror (D:12)
  24 deep elf archers
  5 giant orange brains
  15 putrid demonspawn
  Joseph (D:7)
  7 wolf spider zombies
  8 ironbrand convokers
  24 torturous demonspawn (Pan)
  5 anaconda skeletons
  20 phantasmal warriors
  A tengu zombie (Vaults:2)
  5 golden dragon skeletons
  An orb spider (shapeshifter) (Depths:3)
  7 fire giant zombies
  16 orc knights
  23 necromancers
  4 sphinx zombies
  2 oklob plants (Elf:1)
  8 mana vipers
  5 hornets
  72 deep elf magi
  A mana viper (shapeshifter) (Vaults:3)
  53 ugly things
  4 manticores
  5 orc sorcerers
  A harpy (shapeshifter) (Depths:3)
  2 iron dragon zombies
  3 wolf spiders
  5 shining eyes
  8 stone giant zombies
  2 manticores (shapeshifter)
  45 sixfirhies (Pan)
  A toenail golem (D:1)
  3 dire elephant zombies
  8 iron dragon skeletons
  8 frost giant zombies
  2 hornets (shapeshifter)
  31 moths of wrath
  6 cyclopes
  2 centaur zombies
  9 griffons
  6 shadow dragon skeletons
  7 salamanders
  19 rust devils
  2 frost giant skeletons
  3 fire giant skeletons
  6 stone giant skeletons
  40 black mambas
  2 octopodes (shapeshifter)
  24 naga magi
  A shock serpent zombie (Geh:6)
  An eye of devastation (Slime:2)
  66 smoke demons
  4 elephants (Lair:4)
  16 vault sentinels
  3 ice statues
  10 molten gargoyles
  3 torpor snails
  2 gargoyles
  45 orange demons
  17 spiny frogs
  2 emperor scorpion zombies
  6 komodo dragons
  A storm dragon simulacrum (Coc:6)
  A yaktaur zombie (Hell)
  5 spectral swamp worms (Depths:2)
  A spiny frog (shapeshifter) (D:12)
  4 human zombies
  A yaktaur (shapeshifter) (Vaults:4)
  15 hellions
  6 dire elephant skeletons
  6 efreet (Pan)
  27 freezing wraiths
  16 demonic crawlers (Pan)
  2 rime drakes
  76 yaktaurs
  50 hellwings
  44 red devils
  6 swamp worm zombies (Swamp:4)
  30 tormentors
  44 guardian mummies
  A mottled draconian zombie (Crypt:2)
  33 ice devils
  15 hydra zombies
  2 anaconda simulacra
  A green draconian skeleton (Crypt:2)
  A redback zombie (D:15)
  4 tengu conjurers
  A catoblepas skeleton (Crypt:1)
  A troll (shapeshifter) (Vaults:3)
  A meliai (shapeshifter) (Vaults:2)
  A harpy zombie (Coc:4)
  6 hydra skeletons
  15 trolls
  4 silent spectres
  5 meliai (Abyss:3)
  3 jumping spiders (Crypt:3)
  A jumping spider (shapeshifter) (Depths:3)
  A raiju (shapeshifter) (Depths:1)
  A wind drake (shapeshifter) (Vaults:4)
  21 polar bears
  24 ushabtiu
  31 two-headed ogres
  7 giant leeches
  A queen bee (Abyss:3)
  A minotaur skeleton (Crypt:3)
  2 harpy skeletons
  16 bog bodies
  8 alligator zombies
  A fire giant simulacrum (Depths:2)
  3 boulder beetles
  A snapping turtle (Tomb:2)
  2 ice dragon zombies
  13 blink frogs
  4 spectral swamp dragons (Swamp:4)
  6 ettin skeletons
  69 slime creatures
  7 fire dragon zombies
  20 spriggans
  66 flying skulls
  4 ice dragon skeletons
  2 black mamba zombies
  A centaur simulacrum (D:15)
  4 redbacks
  A vampire (D:10)
  12 air elementals
  2 alligator skeletons
  Sigmund (D:4)
  A black mamba skeleton (Crypt:3)
  7 ettin zombies
  3 fire dragon skeletons (Geh:1)
  23 wraiths
  Eustachio (D:6)
  37 shadows
  54 yaks
  3 wyverns
  7 water elementals
  35 ynoxinuls
  28 fire elementals
  A basilisk (shapeshifter) (Vaults:4)
  29 neqoxecs
  3 golden eyes (Slime:3)
  22 vampire mosquitoes
  3 hogs (D:13)
  4 hungry ghosts
  A yaktaur simulacrum (Vaults:3)
  44 chaos spawn (Pan)
  A steam dragon (Lair:5)
  7 hippogriffs
  A merfolk zombie (Crypt:3)
  58 nagas
  2 mottled dragons
  12 wargs
  20 insubstantial wisps
  16 swamp worms
  17 soldier ants
  41 hell hounds
  Duvessa (D:6)
  11 water moccasins
  7 spiny frog zombies
  5 porcupines
  A faun skeleton (Crypt:2)
  5 giant eyeballs
  10 swamp drakes
  An alligator simulacrum (Hell)
  A monstrous demonspawn skeleton (Coc:6)
  53 orc warriors
  4 sky beasts
  9 wasps
  4 eyes of draining
  4 spiny frog skeletons
  24 ice beasts
  10 phantoms
  A slave (D:7)
  15 necrophages
  88 ogres
  8 black bears
  A manticore zombie (Coc:7)
  4 snapping turtle zombies
  An ice beast (shapeshifter) (Vaults:5)
  5 swamp dragon zombies
  10 boggarts
  35 wolves
  29 centaurs
  A swamp dragon skeleton (Tomb:2)
  7 snapping turtle skeletons
  5 big kobolds
  11 crocodiles
  A draconian zombie (Crypt:1)
  A rime drake skeleton (Crypt:1)
  19 giant frogs
  2 earth elementals
  Blork the orc (D:6)
  3 wyvern zombies
  Dowan (D:6)
  A spiny frog simulacrum (Coc:7)
  8 wyvern skeletons
  3 scorpions
  2 water moccasin skeletons
  A troll zombie (Crypt:2)
  14 killer bees
  72 wights
  4 howler monkeys (D:7)
  An electric eel (Lair:4)
  10 crimson imps
  2 jellies
  A giant frog zombie (D:9)
  8 hounds
  4 quasits
  20 orc priests
  24 orc wizards
  Crazy Yiuf (D:7)
  4 centaur skeletons
  2 giant frog skeletons
  6 iron imps
  A human skeleton (Coc:6)
  26 worker ants
  15 iguanas
  7 hell rats
  A spectral swamp drake (Swamp:4)
  15 sheep
  An ogre zombie (Tar:7)
  A tengu skeleton (Coc:2)
  A hound zombie (D:11)
  A naga skeleton (Geh:3)
  A hound skeleton (D:4)
  58 mummies
  Robin (D:2)
  2 worker ant zombies
  16 gnolls
  29 river rats
  2 swamp drake zombies (Swamp:4)
  17 adders
  13 shadow imps
  26 white imps
  An ufetubus (D:3)
  An ooze (D:5)
  An adder zombie (D:5)
  An adder skeleton (D:6)
  5 worms
  2 dart slugs
  4 giant geckos
  102 orcs
  A ball python (D:2)
  6 bats
  A bat zombie (Crypt:1)
  5 giant cockroaches
  14 goblins
  19 hobgoblins
  6 jackals
  8 quokkas
  6 giant newts
  A gnoll skeleton (Crypt:2)
  A jackal skeleton (D:8)
  44 kobolds
  A kobold skeleton (Geh:7)
  An orc simulacrum (Tomb:1)
  An orc skeleton (Crypt:3)
  A quokka zombie (Crypt:1)
  7 rats
  2 briar patches (Swamp:4)
  5 crawling corpses
  4 fire vortices (Depths:4)
  A lurking horror (Abyss:3)
  2 tentacles (Coc:2)
  2 tentacle segments (Coc:2)
5188 creatures vanquished.

Vanquished Creatures (collateral kills)
  Gloorx Vloq (Pan)
  Ereshkigal (Tar:7)
  A greater mummy (Tomb:1)
  3 bone dragons
  A Brimstone Fiend (Dis:7)
  3 doom hounds
  2 Tzitzimimeh
  A lich (Tar:7)
  An Ice Fiend (Coc:7)
  3 Orb Guardians (Zot:5)
  An Executioner (Pan)
  An eldritch tentacle (Geh:7)
  An ancient champion (Tomb:1)
  A shadow dragon (Tar:7)
  6 reapers
  A curse skull (Hell)
  2 war gargoyles (Hell)
  2 vampire knights
  A bennu (Tomb:2)
  7 blizzard demons (Coc:7)
  A great orb of eyes (Depths:3)
  A quicksilver dragon skeleton (Tar:2)
  A death scarab (Tomb:3)
  2 soul eaters
  An iron golem (Hell)
  10 skeletal warriors
  2 sun demons (Hell)
  An unseen horror (Pan)
  2 iron trolls (Hell)
  A death drake (Tar:7)
  2 golden dragon zombies
  A shadow demon (Tar:7)
  An anaconda skeleton (Hell)
  3 phantasmal warriors
  A wolf spider zombie (Tar:7)
  2 anubis guards (Tomb:3)
  A shadow dragon skeleton (Geh:7)
  A golden dragon skeleton (Tar:7)
  2 fire giant zombies
  A frost giant zombie (Tar:3)
  2 stone giant zombies
  An iron dragon skeleton (Tar:7)
  2 rust devils (Hell)
  2 hellions
  A smoke demon (Hell)
  9 ice devils
  A tormentor (Dis:7)
  A hydra zombie (Hell)
  A guardian mummy (Tomb:3)
  A red devil (Tar:7)
  An ice dragon zombie (Hell)
  2 bog bodies (Coc:7)
  A fire dragon zombie (Coc:7)
  8 flying skulls
  3 shadows (Tar:7)
  A wraith (Tar:7)
  An ice dragon skeleton (Geh:7)
  2 fire elementals (Hell)
  4 hell hounds
  2 spiny frog zombies
  3 necrophages
  A manticore zombie (Geh:7)
  A boggart (Depths:3)
  A phantom (Tar:1)
  2 snapping turtle skeletons
  A wight (Tar:1)
  2 hell rats (Hell)
  2 mummies (Tomb:3)
  2 shadow imps
  A white imp (Coc:7)
139 creatures vanquished.

Vanquished Creatures (others)
  A shard shrike (Coc:6)
  A deep elf blademaster (Crypt:3)
  A titan (Pan)
  5 deep elf master archers
  A revenant (Tomb:2)
  A balrug (Pan)
  An elemental wellspring (Coc:7)
  A mottled draconian (Crypt:3)
  A blizzard demon (Pan)
  A fire dragon (Depths:5)
  An ice dragon (Coc:7)
  24 death scarabs
  An ogre mage (Depths:4)
  2 deep elf knights
  2 sun demons (Pan)
  A skeletal warrior (Tar:1)
  3 anubis guards (Tomb:1)
  A torturous demonspawn (D:3)
  2 phantasmal warriors
  2 wolf spider zombies
  4 deep elf archers
  4 deep elf magi
  A moth of wrath (Zot:5)
  A smoke demon (Pan)
  2 rime drakes
  A yaktaur (Depths:2)
  A freezing wraith (Crypt:3)
  A hydra zombie (Coc:2)
  2 guardian mummies
  10 flying skulls
  A ynoxinul (Pan)
  A shadow (Tar:7)
  An air elemental (Depths:4)
  A yak (IceCv)
  A neqoxec (Pan)
  A swamp worm (Swamp:4)
  2 slaves (D:7)
  A wasp (Swamp:1)
  An ogre (Vaults:5)
  2 wolves (IceCv)
  A boggart (Depths:1)
  A centaur (Vaults:1)
  2 killer bees (Abyss:3)
  2 wights
  A giant frog zombie (D:7)
  A crimson imp (D:1)
  A jelly (D:7)
  An iguana (Lair:3)
  2 orc wizards
  A hell rat (Hell)
  8 mummies
  An adder (D:12)
  A white imp (Depths:4)
  16 ball lightnings (Pan)
  An orc (Orc:1)
  A ball python (D:7)
  A block of ice (Pan)
  10 eldritch tentacle segments (Geh:3)
  30 fungi
  14 plants
  5 tentacles (Coc:2)
  177 tentacle segments (Coc:2)
  2 withered plants (Crypt:3)
372 creatures vanquished.

Grand Total: 5699 creatures vanquished

Notes
Turn   | Place    | Note
-------+----------+-------------------------------------------
     0 | D:1      | mistymad the Gargoyle Fighter began the quest for the Orb.
     0 | D:1      | Reached XP level 1. HP: 14/14 MP: 1/1
     0 | D:1      | Upgraded the game from 0.19-a0-957-gf4ea323 to 0.19-a0-958-gd69d43c
    92 | D:1      | Reached XP level 2. HP: 17/19 MP: 2/2
   193 | D:1      | Upgraded the game from 0.19-a0-958-gd69d43c to 0.19-a0-975-gfff5315
   324 | D:1      | Reached XP level 3. HP: 20/23 MP: 3/3
   817 | D:2      | Reached XP level 4. HP: 27/28 MP: 4/4
  1272 | D:2      | Noticed Robin
  1293 | D:2      | Killed Robin
  1375 | D:2      | Found a snail-covered altar of Cheibriados.
  1383 | D:2      | Reached XP level 5. HP: 27/33 MP: 5/5
  1915 | D:3      | Reached skill level 5 in Shields
  1925 | D:3      | Reached XP level 6. HP: 23/38 MP: 6/6
  2354 | D:4      | Found a blossoming altar of Fedhas.
  2385 | D:4      | Noticed Sigmund
  2409 | D:4      | Killed Sigmund
  2409 | D:4      | Reached skill level 5 in Armour
  2409 | D:4      | Reached XP level 7. HP: 31/44 MP: 7/7
  2596 | D:4      | You fall through a shaft for 3 floors!
  2627 | D:7      | Found a sacrificial altar of Ru.
  2670 | D:7      | Reached skill level 5 in Fighting
  2691 | D:7      | Noticed a spriggan baker
  2692 | D:7      | HP: 2/44 [ogre/giant club (27)]
  2713 | D:7      | Noticed a hippogriff
  2715 | D:7      | Killed a spriggan baker
  2715 | D:7      | Reached XP level 8. HP: 5/50 MP: 8/8
  3023 | D:7      | Reached skill level 5 in Maces & Flails
  3130 | D:7      | Noticed Pikel
  3184 | D:7      | Killed Pikel
  3277 | D:7      | Reached XP level 9. HP: 45/56 MP: 9/9
  3348 | D:6      | Noticed Blork the orc
  3363 | D:6      | Killed Blork the orc
  3736 | D:6      | Found a staircase to the Ecumenical Temple.
  3753 | Temple   | Entered the Ecumenical Temple
  3896 | Temple   | Became a worshipper of Warmaster Okawaru
  3949 | D:5      | Entered Level 5 of the Dungeon
  4007 | D:4      | You fall through a shaft for 2 floors!
  4854 | D:6      | Noticed Duvessa
  4855 | D:6      | Noticed Dowan
  4878 | D:6      | Killed Duvessa
  4883 | D:6      | Reached * piety under Okawaru
  4897 | D:6      | Killed Dowan
  5096 | D:6      | Gained mutation: Armour fits poorly on your strangely shaped body. [mutagenic meat]
  5352 | D:6      | Noticed Eustachio
  5793 | D:7      | Reached XP level 10. HP: 49/64 MP: 10/10
  5828 | D:7      | Found a runed door.
  5882 | D:7      | Noticed Joseph
  5922 | D:7      | Killed Joseph
  5922 | D:7      | Reached ** piety under Okawaru
  6054 | D:7      | Noticed Crazy Yiuf
  6060 | D:7      | Killed Crazy Yiuf
  6806 | D:8      | Reached *** piety under Okawaru
  7884 | D:9      | Noticed tstbtto's ghost (novice MiFi)
  8403 | D:9      | Killed tstbtto's ghost
  8403 | D:9      | Received a gift from Okawaru
  8593 | D:9      | Reached XP level 11. HP: 71/71 MP: 11/11
  8747 | D:9      | Reached skill level 10 in Shields
  8753 | D:9      | Found a staircase to the Lair.
  8948 | D:9      | Found a bloodstained altar of Trog.
  8974 | D:10     | Entered Level 10 of the Dungeon
  9179 | D:10     | Reached **** piety under Okawaru
  9420 | D:10     | Reached skill level 10 in Fighting
  9641 | D:10     | Noticed Snorg
  9665 | D:10     | Killed Snorg
  9665 | D:10     | Reached skill level 10 in Armour
 10325 | D:10     | Identified a scroll of acquirement
 11429 | D:6      | Killed Eustachio
 11589 | Lair:1   | Entered Level 1 of the Lair of Beasts
 11589 | Lair:1   | Noticed a five-headed hydra
 11596 | Lair:1   | Killed a five-headed hydra
 11596 | Lair:1   | Reached ***** piety under Okawaru
 12169 | Lair:1   | Reached skill level 1 in Invocations
 12286 | Lair:1   | Noticed Sonja
 12295 | Lair:1   | Killed Sonja
 12755 | Lair:2   | Reached XP level 12. HP: 79/79 MP: 13/13
 12779 | Lair:2   | Noticed an ice dragon
 13098 | Lair:2   | Killed an ice dragon
 13098 | Lair:2   | Received a gift from Okawaru
 13736 | Lair:2   | Reached skill level 10 in Maces & Flails
 14161 | Lair:3   | Noticed a death yak
 14162 | Lair:3   | Noticed a death yak
 14162 | Lair:3   | Noticed a death yak
 14171 | Lair:3   | Noticed a death yak
 14171 | Lair:3   | Noticed a death yak
 14172 | Lair:3   | Noticed a death yak
 14187 | Lair:3   | Killed a death yak
 14199 | Lair:3   | Killed a death yak
 14207 | Lair:3   | Killed a death yak
 14229 | Lair:3   | Killed a death yak
 14241 | Lair:3   | Killed a death yak
 14257 | Lair:3   | Killed a death yak
 14433 | Lair:3   | Noticed a death yak
 14434 | Lair:3   | Noticed a death yak
 14435 | Lair:3   | Noticed a death yak
 14453 | Lair:3   | Killed a death yak
 14453 | Lair:3   | Reached skill level 5 in Invocations
 14465 | Lair:3   | Killed a death yak
 14465 | Lair:3   | Received a gift from Okawaru
 14482 | Lair:3   | Killed a death yak
 14482 | Lair:3   | Reached ****** piety under Okawaru
 14793 | Lair:3   | Found a staircase to the Swamp.
 14814 | Lair:3   | Reached XP level 13. HP: 81/84 MP: 17/17
 15864 | Lair:4   | Received a gift from Okawaru
 16609 | Lair:4   | Found a staircase to the Snake Pit.
 17147 | Lair:5   | Noticed Nessos
 17574 | Lair:5   | Killed Nessos
 17799 | Lair:5   | Learned a level 1 spell: Apportation
 17801 | Lair:5   | Learned a level 1 spell: Summon Butterflies
 18237 | Lair:6   | Entered Level 6 of the Lair of Beasts
 18378 | Lair:6   | Received a gift from Okawaru
 18470 | Lair:6   | Noticed an entropy weaver
 18471 | Lair:6   | Noticed an entropy weaver
 18930 | Lair:5   | Killed an entropy weaver
 19233 | Lair:5   | Killed an entropy weaver
 19233 | Lair:5   | Gained mutation: Your large and strong wings let you fly indefinitely. [Gargoyle growth]
 19233 | Lair:5   | Reached XP level 14. HP: 63/92 MP: 13/19
 19671 | Lair:6   | Found a staircase to the Slime Pits.
 20542 | Lair:6   | Got a tiger eye-studded chain mail
 20553 | Lair:6   | Identified the +1 chain mail "Begroucell" {Int+2} (You found it on level 6 of the Lair of Beasts)
 20602 | Lair:6   | Found a viscous altar of Jiyva.
 20715 | Lair:6   | Received a gift from Okawaru
 21218 | Lair:6   | Got a warped demon whip {god gift}
 21220 | Lair:6   | Identified the +9 demon whip of the Wilderness {freeze, rF+ Str+6 Dex-4} (Okawaru gifted it to you on level 6 of the Lair of Beasts)
 21478 | D:11     | Found a staircase to the Orcish Mines.
 21504 | D:11     | Found a roughly hewn altar of Beogh.
 21740 | D:11     | Found Voqa's Distillery.
 21910 | D:11     | Bought a potion of cancellation for 96 gold pieces
 22029 | D:11     | Gained mutation: You expend magic power (3 MP) to strengthen your wands. [mutagenic meat]
 22032 | D:11     | Gained mutation: You evolve. [mutagenic meat]
 22288 | D:12     | Found a huge runed gate.
 22289 | D:12     | Found a huge runed gate.
 22322 | D:12     | Found a flagged portal.
 22337 | Bailey   | Entered a bailey
 22338 | Bailey   | Noticed trelanon's ghost (novice TrMo)
 22344 | Bailey   | Killed trelanon's ghost
 22905 | Lair:6   | Got a pair of ichor-stained boots {god gift}
 22916 | Lair:6   | Identified the +1 pair of boots of Freedom {rElec rF+ rN+} (Okawaru gifted it to you on level 6 of the Lair of Beasts)
 23111 | D:12     | Found a huge runed gate.
 23112 | D:12     | Found a huge runed gate.
 23402 | D:12     | Gained mutation: You are weak. (Str -2) [mutagenic meat]
 23405 | D:12     | Gained mutation: You are frail. (-10% HP) [mutagenic meat]
 23445 | D:12     | Reached XP level 15. HP: 87/90 MP: 20/20
 23743 | D:12     | Received a gift from Okawaru
 23987 | D:13     | Noticed Kirke
 24034 | D:13     | Killed Kirke
 24661 | D:14     | Found a gate to the Vaults.
 24763 | D:14     | Lost mutation: You evolve. [end of evolution]
 25061 | D:14     | Gained mutation: You are very weak. (Str -4) [mutagenic meat]
 25372 | D:15     | Entered Level 15 of the Dungeon
 25503 | D:15     | Found a frozen archway.
 25569 | D:15     | Received a gift from Okawaru
 25575 | D:15     | Got an ancient dire flail {god gift}
 25582 | D:15     | Identified the +1 dire flail "Oseweil" {drain, Fragile rC++ Str+9} (Okawaru gifted it to you on level 15 of the Dungeon)
 25607 | IceCv    | Entered an ice cave
 25643 | IceCv    | Reached skill level 15 in Shields
 26032 | IceCv    | Noticed a frost giant
 26076 | IceCv    | Killed a frost giant
 26076 | IceCv    | Received a gift from Okawaru
 26136 | IceCv    | Got a warped lapis lazuli ring
 26137 | IceCv    | Identified the ring "Houcw" {Ice Int+3} (You found it in an ice cave)
 26140 | IceCv    | Got a warped pewter ring
 26141 | IceCv    | Identified the ring of Attitude {rPois rF+ Int+6} (You found it in an ice cave)
 26592 | D:15     | Reached XP level 16. HP: 96/96 MP: 21/21
 27019 | D:15     | Lost mutation: You are frail. (-10% HP) [mutagenic meat]
 27168 | D:15     | Found a staircase to the Depths.
 27173 | D:15     | Reached skill level 15 in Fighting
 27196 | D:15     | Reached skill level 15 in Armour
 27420 | Depths:1 | Entered Level 1 of the Depths
 27528 | Depths:1 | Noticed Saint Roka
 27589 | Depths:1 | Killed Saint Roka
 27603 | Depths:1 | Received a gift from Okawaru
 28028 | Depths:1 | Gained mutation: You have a pair of small antennae on your head. [mutagenic meat]
 28515 | Orc:1    | Entered Level 1 of the Orcish Mines
 28559 | Orc:1    | Noticed Josephine
 28571 | Orc:1    | Killed Josephine
 28784 | Orc:1    | Paralysed by an orc sorcerer for 7 turns
 29073 | Orc:2    | Entered Level 2 of the Orcish Mines
 29109 | Orc:2    | Found a staircase to the Elven Halls.
 29486 | Orc:2    | Found Jamebeiz's Antique Armour Shoppe.
 29489 | Orc:2    | Found a radiant altar of Vehumet.
 29729 | Orc:2    | Found Quozid's Antique Weapon Emporium.
 30137 | Orc:2    | Found Nicsiol's Book Shop.
 30467 | Orc:2    | Found Ocwupt's General Store.
 30985 | Depths:1 | Received a gift from Okawaru
 31009 | Depths:1 | Reached XP level 17. HP: 70/115 MP: 22/22
 31241 | Depths:1 | Received a gift from Okawaru
 31518 | Depths:1 | Gained mutation: You regenerate slowly when monsters are visible. [mutagenic meat]
 31524 | Depths:1 | Gained mutation: You possess an exceptional clarity of mind. [mutagenic meat]
 31527 | Depths:1 | Lost mutation: Armour fits poorly on your strangely shaped body. [mutagenic meat]
 31530 | Depths:1 | Gained mutation: You tend to lose your temper in combat. [mutagenic meat]
 31533 | Depths:1 | Gained mutation: You are somewhat resistant to further mutation. [mutagenic meat]
 31542 | Depths:1 | Gained mutation: You are dopey. (Int -2) [mutagenic meat]
 31596 | Depths:1 | Got a pair of crude gloves
 31607 | Depths:1 | Identified the +1 pair of gloves of the Tortoise {+Inv Str+6 Slay+2} (You found it on level 1 of the Depths)
 31661 | Depths:1 | Paralysed by a giant eyeball for 3 turns
 31666 | Depths:1 | Received a gift from Okawaru
 31668 | Depths:1 | Paralysed by a giant eyeball for 2 turns
 31684 | Depths:1 | Paralysed by a wizard for 2 turns
 31708 | Depths:1 | Lost mutation: You are very weak. (Str -4) [potion of cure mutation]
 31708 | Depths:1 | Lost mutation: You are somewhat resistant to further mutation. [potion of cure mutation]
 31708 | Depths:1 | Lost mutation: You have a pair of small antennae on your head. [potion of cure mutation]
 31709 | Depths:1 | Lost mutation: You are dopey. (Int -2) [potion of cure mutation]
 31709 | Depths:1 | Lost mutation: You regenerate slowly when monsters are visible. [potion of cure mutation]
 31709 | Depths:1 | Lost mutation: You are weak. (Str -2) [potion of cure mutation]
 31709 | Depths:1 | Lost mutation: You possess an exceptional clarity of mind. [potion of cure mutation]
 31709 | Depths:1 | Lost mutation: You tend to lose your temper in combat. [potion of cure mutation]
 31709 | Depths:1 | Lost mutation: You expend magic power (3 MP) to strengthen your wands. [potion of cure mutation]
 31806 | Depths:1 | Reached skill level 15 in Maces & Flails
 31978 | Depths:1 | Found a gateway to Hell.
 32212 | Depths:1 | Found a gateway to a ziggurat.
 32682 | Depths:2 | Received a gift from Okawaru
 32685 | Depths:2 | Got a pair of smoking gloves {god gift}
 32873 | Depths:2 | Identified the +2 pair of gloves of an ice cave {Regen+ Str+4} (Okawaru gifted it to you on level 2 of the Depths)
 33421 | Depths:2 | Reached XP level 18. HP: 122/122 MP: 23/23
 33503 | Depths:2 | Found a one-way gate to the infinite horrors of the Abyss.
 33907 | Depths:2 | Received a gift from Okawaru
 34381 | Depths:3 | Got a vibrating platinum ring
 34382 | Depths:3 | Identified the ring "Ahepram" {*Tele +Inv rElec Int-5} (You found it on level 3 of the Depths)
 34408 | Depths:3 | Noticed a titan
 34655 | Depths:3 | Killed a titan
 34800 | Depths:3 | Received a gift from Okawaru
 34975 | Depths:3 | Found Deriq's Assorted Antiques.
 35407 | Depths:3 | Got a wavering brass ring
 35408 | Depths:3 | Identified the ring "Worossom" {rC+ Int+3 SInv} (You found it on level 3 of the Depths)
 35499 | Depths:3 | Noticed a golden dragon
 35517 | Depths:3 | Killed a golden dragon
 35635 | Depths:3 | Noticed a tentacled monstrosity
 35944 | Snake:1  | Entered Level 1 of the Snake Pit
 35967 | Snake:1  | Received a gift from Okawaru
 36317 | Snake:1  | Noticed Rupert
 36329 | Snake:1  | Killed Rupert
 37047 | Snake:2  | Reached XP level 19. HP: 129/129 MP: 24/24
 37240 | Snake:2  | Got a pair of crude gloves
 37252 | Snake:2  | Identified the +1 pair of gloves of Fuunopt {MR+ Int+4 Dex+4} (You found it on level 2 of the Snake Pit)
 37310 | Snake:2  | Learned a level 2 spell: Repel Missiles
 38247 | Snake:3  | Received a gift from Okawaru
 38250 | Snake:3  | Got a fine hat {god gift}
 38262 | Snake:3  | Identified the -6 hat "Koihacwuox" {rElec rPois MR- Int-2} (Okawaru gifted it to you on level 3 of the Snake Pit)
 38304 | Snake:3  | Found a bloodstained altar of Trog.
 38624 | Snake:4  | Entered Level 4 of the Snake Pit
 39286 | Snake:4  | Got a clouded gossamer ring
 39494 | Snake:4  | Received a gift from Okawaru
 39504 | Snake:4  | Reached XP level 20. HP: 117/137 MP: 25/25
 39816 | Snake:4  | Got a serpentine rune of Zot
 39977 | Snake:4  | Identified the ring of Rat Imie {rCorr MR+ Int+4} (You took it off a naga on level 4 of the Snake Pit)
 40220 | Swamp:1  | Entered Level 1 of the Swamp
 40413 | Swamp:1  | Received a gift from Okawaru
 42431 | Swamp:4  | Entered Level 4 of the Swamp
 42669 | Swamp:4  | Received a gift from Okawaru
 42685 | Swamp:4  | Noticed a bone dragon
 42707 | Swamp:4  | Killed a bone dragon
 42866 | Swamp:4  | Got a decaying rune of Zot
 42931 | Swamp:4  | Noticed Tungsten's ghost (adept VSMo)
 42941 | Swamp:4  | Killed Tungsten's ghost
 43685 | Elf:1    | Entered Level 1 of the Elven Halls
 43685 | Elf:1    | Noticed Aizul
 43706 | Elf:1    | Killed Aizul
 43741 | Elf:1    | Found a radiant altar of Vehumet.
 43778 | Elf:1    | Found Wizxoliph's Distillery.
 43792 | Elf:1    | Reached XP level 21. HP: 144/144 MP: 26/26
 43840 | Elf:1    | Noticed Nikola
 43858 | Elf:1    | Killed Nikola
 43858 | Elf:1    | Received a gift from Okawaru
 44100 | Elf:1    | Noticed Azrael
 44117 | Elf:1    | Killed Azrael
 44265 | Elf:1    | Got a transparent whip
 44268 | Elf:1    | Identified the +2 whip of Exquisite Torment {slash, Str+3 Int+2} (You found it on level 1 of the Elven Halls)
 44698 | Elf:2    | Found Limael's Assorted Antiques.
 44709 | Elf:2    | Bought a dazzling morningstar for 342 gold pieces
 44709 | Elf:2    | Identified the cursed +2 morningstar of Tenacity {drain, Str+3 Dex+6} (You bought it in a shop on level 2 of the Elven Halls)
 44719 | Elf:2    | Bought a scroll of identify for 76 gold pieces
 44719 | Elf:2    | Bought a potion of curing for 114 gold pieces
 44829 | Elf:2    | Found a huge runed gate.
 44829 | Elf:2    | Found a huge runed gate.
 44829 | Elf:2    | Found a huge runed gate.
 44835 | Elf:2    | Found a huge runed gate.
 44835 | Elf:2    | Found a huge runed gate.
 45520 | Elf:3    | Entered Level 3 of the Elven Halls
 45607 | Elf:3    | Got a transparent plate armour
 45608 | Elf:3    | Identified the +1 plate armour of New Discoveries {rPois MR+ Int+2 Dex-5} (You found it on level 3 of the Elven Halls)
 45882 | Elf:3    | Found Rayzil's Antique Armour Boutique.
 45915 | Elf:3    | Received a gift from Okawaru
 45918 | Elf:3    | Bought a pair of runed boots for 121 gold pieces
 46302 | Elf:3    | Received a gift from Okawaru
 46444 | Elf:3    | Reached XP level 22. HP: 111/152 MP: 24/27
 46648 | Elf:3    | Learned a level 2 spell: Blink
 46651 | Elf:3    | Identified the Collected Works on Spatial Necromancy
 46665 | Elf:3    | Got an opal-encrusted crystal plate armour
 46666 | Elf:3    | Identified the +14 crystal plate armour "Maosiof" {Dex+9} (You found it on level 3 of the Elven Halls)
 46902 | Elf:3    | Got a twitching sapphire amulet
 47096 | D:11     | Identified the amulet of the Good {+Rage Int+5} (You took it off a deep elf sorcerer on level 3 of the Elven Halls)
 47194 | Vaults:1 | Entered Level 1 of the Vaults
 48583 | Vaults:2 | Received a gift from Okawaru
 48786 | Vaults:2 | Noticed Jorgrun
 48805 | Vaults:2 | Killed Jorgrun
 49170 | Vaults:2 | Received a gift from Okawaru
 49384 | Vaults:2 | Got a steaming morningstar {god gift}
 49387 | Vaults:2 | Identified the +9 morningstar of Wigreh {freeze, Int+3} (Okawaru gifted it to you on level 2 of the Vaults)
 49659 | Vaults:2 | Reached XP level 23. HP: 155/167 MP: 28/28
 49785 | Vaults:2 | Noticed Asterion
 49796 | Vaults:2 | Killed Asterion
 50557 | Vaults:3 | Received a gift from Okawaru
 50664 | Vaults:3 | Found a staircase to the Crypt.
 51124 | Vaults:3 | Found a shattered altar of Ashenzari.
 52427 | Vaults:4 | Identified the Catalogue of Hexes and Changing
 52618 | Vaults:4 | Got a dazzling shield
 52629 | Vaults:4 | Identified the +0 shield "Deisok Ofy" {-Tele rCorr Str+3 Dex+7} (You acquired it on level 4 of the Vaults)
 52900 | Vaults:5 | Entered Level 5 of the Vaults
 52920 | Vaults:5 | Noticed a golden dragon
 52945 | Vaults:5 | Killed a golden dragon
 52945 | Vaults:5 | Received a gift from Okawaru
 52945 | Vaults:5 | Reached XP level 24. HP: 123/176 MP: 24/28
 52946 | Vaults:5 | Got a scorched ring mail {god gift}
 53241 | Vaults:5 | Noticed Boris
 53278 | Vaults:5 | Found Miug's Jewellery Shoppe.
 53308 | Vaults:5 | Killed Boris
 53449 | Vaults:5 | Received a gift from Okawaru
 53758 | Vaults:5 | Got a brightly glowing platinum ring
 53761 | Vaults:5 | Identified the ring of Ceashye {rN+ MR+ Int+4 SInv Stlth+} (You took it off an ironbrand convoker on level 5 of the Vaults)
 53776 | Vaults:5 | Got a pair of fine gloves
 53778 | Vaults:5 | Identified the +0 pair of gloves "Quuckoem" {rElec rF++ Regen+ Dex+3} (You found it on level 5 of the Vaults)
 53892 | Vaults:5 | Got a clouded jade amulet
 53910 | Vaults:5 | Identified the amulet of Eneen {Dismiss rElec rF- rN++ Int+4} (You took it off a vault warden on level 5 of the Vaults)
 53971 | Vaults:5 | Reached XP level 25. HP: 182/182 MP: 28/28
 54037 | Vaults:5 | Got a shimmering morningstar {venom}
 54038 | Vaults:5 | Identified the cursed +1 morningstar "Ocsiklee" {venom, Str+4 SInv} (You took it off an ironheart preserver on level 5 of the Vaults)
 54279 | Vaults:5 | Received a gift from Okawaru
 54295 | Vaults:5 | Got a silver rune of Zot
 54332 | Vaults:5 | Got a glittering jade ring
 54369 | Vaults:5 | Identified Jetant's Catalogue of Boosts
 54374 | Vaults:5 | Identified the ring of Lotai {rPois Dex+7 Slay-3 Stlth+} (You took it off a fire giant on level 5 of the Vaults)
 55624 | Depths:3 | Found a one-way gate leading to the halls of Pandemonium.
 55861 | Depths:3 | Received a gift from Okawaru
 56152 | Depths:3 | Got a warped amber ring
 56153 | Depths:3 | Identified the ring "Haxtu Myny" {MR+ Str+4} (You found it on level 3 of the Depths)
 56441 | Depths:3 | Found Goigiych's Jewellery Boutique.
 56714 | Depths:4 | Found a corrupted altar of Lugonu.
 56942 | Depths:4 | Received a gift from Okawaru
 57131 | Depths:4 | Found a runed door.
 57459 | Depths:4 | Got a polished cloak
 57460 | Depths:4 | Identified the +1 cloak of the Turtledove {Int+4} (You found it on level 4 of the Depths)
 57507 | Depths:4 | Found a radiant altar of Vehumet.
 57507 | Depths:4 | Noticed Frederick
 57525 | Depths:4 | Killed Frederick
 57525 | Depths:4 | Reached XP level 26. HP: 190/190 MP: 28/28
 57557 | Depths:4 | Found a runed door.
 57669 | Depths:4 | Identified Sif Muna's Incunabulum of Stones and Companions
 57676 | Depths:4 | Got a slimy ivory ring
 57679 | Depths:4 | Identified the ring of Yngaodghu {Fire +Blink Str-3 SInv} (You found it on level 4 of the Depths)
 58572 | Depths:5 | Entered Level 5 of the Depths
 58634 | Depths:5 | Noticed a juggernaut
 58648 | Depths:5 | Killed a juggernaut
 58994 | Depths:5 | Identified the Reference Book on Gliding Talismans
 59032 | Depths:5 | Received a gift from Okawaru
 59428 | Depths:5 | Found a gate to the Realm of Zot.
 59636 | Zot:1    | Entered Level 1 of the Realm of Zot
 59992 | Zot:1    | Reached XP level 27. HP: 138/197 MP: 28/28
 60394 | Zot:2    | Received a gift from Okawaru
 60394 | Zot:2    | Reached skill level 27 in Fighting
 61002 | Zot:2    | Reached skill level 1 in Dodging
 61006 | Zot:2    | Received a gift from Okawaru
 61035 | Zot:2    | Got a bloodstained hat {god gift}
 61047 | Zot:2    | Identified the +2 hat of Caffet {rC+ MR+ Dex+4} (Okawaru gifted it to you on level 2 of the Realm of Zot)
 61218 | Zot:2    | Got a translucent silver ring
 61930 | Zot:3    | Noticed an orb of fire
 61947 | Zot:3    | Killed an orb of fire
 62614 | Zot:3    | Reached skill level 5 in Dodging
 62749 | Zot:3    | Identified the ring "Xookkata" {Wiz MR+ Str+4} (You took it off a purple draconian on level 2 of the Realm of Zot)
 62912 | Zot:4    | Received a gift from Okawaru
 63940 | Slime:1  | Entered Level 1 of the Pits of Slime
 64203 | Slime:3  | Noticed Dissolution
 64216 | Slime:3  | Gained mutation: You are dopey. (Int -2) [a shining eye]
 64222 | Slime:3  | Killed Dissolution
 64380 | Slime:5  | Entered Level 5 of the Pits of Slime
 64396 | Slime:5  | Received a gift from Okawaru
 64419 | Slime:5  | Got a heavily runed large shield {god gift}
 64474 | Slime:4  | Identified the -5 large shield "Nyunoq" {-Tele *Confuse rF+++ Int+6} (Okawaru gifted it to you on level 5 of the Pits of Slime)
 64502 | Slime:5  | Found a viscous altar of Jiyva.
 64505 | Slime:5  | Noticed the Royal Jelly
 64541 | Slime:5  | Killed the Royal Jelly
 64875 | Slime:5  | Got a scorched emerald amulet
 64876 | Slime:5  | Identified the amulet of Domy {Reflect rF+ MR+ SH+4} (You found it on level 5 of the Pits of Slime)
 64984 | Slime:5  | Identified the Reference Book on Evil Magic and Clay (You found it on level 5 of the Pits of Slime)
 65061 | Slime:5  | Got a slimy rune of Zot
 65096 | Slime:5  | Got a scintillating pewter ring
 65097 | Slime:5  | Identified the ring "Liettuyc" {+Inv rPois rC+ MR++} (You found it on level 5 of the Pits of Slime)
 65116 | Slime:5  | Identified the +0 shield "Douba" {*Corrode rN+++ Int+2 Slay+3} (You found it on level 5 of the Pits of Slime)
 65856 | Zot:5    | Entered Level 5 of the Realm of Zot
 66711 | Temple   | Fell from the grace of Okawaru
 66711 | Temple   | Became a worshipper of the Shining One
 67160 | Crypt:1  | Entered Level 1 of the Crypt
 67187 | Crypt:1  | Reached * piety under the Shining One
 67395 | Crypt:1  | Reached ** piety under the Shining One
 67592 | Crypt:1  | Reached *** piety under the Shining One
 68220 | Crypt:2  | Reached **** piety under the Shining One
 68242 | Crypt:2  | Identified the Tome of Cold and Confrontation
 68713 | Crypt:3  | Entered Level 3 of the Crypt
 68728 | Crypt:3  | Reached ***** piety under the Shining One
 69202 | Crypt:3  | Noticed an ancient lich
 69215 | Crypt:3  | Killed an ancient lich
 69252 | Crypt:3  | Got a scorched silver ring
 69253 | Crypt:3  | Identified the ring "Xuriw" {Fire -Tele rPois Str-4 Int+5} (You found it on level 3 of the Crypt)
 69270 | Crypt:3  | Identified Khufu's Almanac of Unholy Secrets
 69346 | Crypt:3  | Reached ****** piety under the Shining One
 69452 | Crypt:3  | Found an ancient bone altar of Kikubaaqudgha.
 69481 | Crypt:3  | Identified a +9 eveningstar of holy wrath (a +8 eveningstar of venom blessed by the Shining One)
 69481 | Crypt:3  | Received a gift from the Shining One
 69815 | Crypt:3  | Got a shimmering amber ring
 69815 | Crypt:3  | Got a shimmering ivory ring
 69815 | Crypt:3  | Got a sparkling marble ring
 69817 | Crypt:3  | Identified the ring "Yweirrip" {rN+ Dex+3 SInv} (You found it on level 3 of the Crypt)
 69818 | Crypt:3  | Identified the ring of Sopag {rPois rN+ MR+ Dex-5 Slay+2} (You found it on level 3 of the Crypt)
 69819 | Crypt:3  | Identified the ring of Gedalyod {rElec rN+ MP-9 Dex+3} (You found it on level 3 of the Crypt)
 70202 | Crypt:3  | Found a staircase to the Tomb.
 70773 | Tomb:1   | Entered Level 1 of the Tomb of the Ancients
 70964 | Tomb:1   | Noticed a greater mummy
 70982 | Tomb:1   | Killed a greater mummy
 70989 | Tomb:1   | Noticed a greater mummy
 71012 | Tomb:1   | Killed a greater mummy
 71722 | Tomb:2   | Noticed an ancient lich
 71723 | Tomb:2   | Noticed an ancient lich
 71725 | Tomb:2   | Noticed a greater mummy
 71725 | Tomb:2   | Noticed a greater mummy
 71822 | Tomb:2   | Killed an ancient lich
 71832 | Tomb:2   | Killed a greater mummy
 71834 | Tomb:2   | Killed an ancient lich
 71839 | Tomb:2   | Killed a greater mummy
 72340 | Tomb:1   | Noticed a greater mummy
 72342 | Tomb:1   | Noticed a greater mummy
 72342 | Tomb:1   | Noticed a greater mummy
 72343 | Tomb:1   | Noticed a greater mummy
 72343 | Tomb:1   | Noticed a greater mummy
 72349 | Tomb:1   | Noticed a greater mummy
 72362 | Tomb:2   | Killed a greater mummy
 72508 | Tomb:1   | Killed a greater mummy
 72625 | Tomb:1   | Killed a greater mummy
 72630 | Tomb:1   | Noticed a greater mummy
 72632 | Tomb:1   | Killed a greater mummy
 72634 | Tomb:1   | Noticed a greater mummy
 72643 | Tomb:1   | Killed a greater mummy
 72732 | Tomb:2   | Was forgiven by Okawaru
 72919 | Tomb:1   | Killed a greater mummy
 72941 | Tomb:1   | Killed a greater mummy
 72959 | Tomb:1   | Noticed a greater mummy
 72963 | Tomb:1   | Killed a greater mummy
 73137 | Tomb:1   | Killed a greater mummy
 73166 | Tomb:1   | Noticed a greater mummy
 73174 | Tomb:1   | Killed a greater mummy
 73212 | Tomb:1   | Noticed a greater mummy
 73221 | Tomb:1   | Killed a greater mummy
 73221 | Tomb:1   | Reached skill level 27 in Armour
 73234 | Tomb:1   | Noticed a greater mummy
 73239 | Tomb:1   | Killed a greater mummy
 73259 | Tomb:1   | Noticed a greater mummy
 73271 | Tomb:1   | Killed a greater mummy
 73292 | Tomb:1   | Noticed a greater mummy
 73299 | Tomb:1   | Killed a greater mummy
 73300 | Tomb:1   | Noticed a greater mummy
 73306 | Tomb:1   | Noticed a greater mummy
 73309 | Tomb:1   | Noticed a greater mummy
 73316 | Tomb:1   | Killed a greater mummy
 73321 | Tomb:1   | Noticed a greater mummy
 73577 | Tomb:1   | Killed a greater mummy
 73591 | Tomb:1   | Killed a greater mummy
 73598 | Tomb:1   | Killed a greater mummy
 73674 | Tomb:1   | Noticed a greater mummy
 73675 | Tomb:1   | Noticed a greater mummy
 73680 | Tomb:1   | Killed a greater mummy
 73684 | Tomb:1   | Noticed a greater mummy
 73687 | Tomb:1   | Noticed a greater mummy
 73692 | Tomb:1   | Killed a greater mummy
 73694 | Tomb:1   | Noticed a greater mummy
 73699 | Tomb:1   | Noticed a greater mummy
 73701 | Tomb:1   | Noticed a greater mummy
 73706 | Tomb:1   | Killed a greater mummy
 73718 | Tomb:1   | Killed a greater mummy
 73796 | Tomb:1   | Reached skill level 27 in Shields
 74071 | Tomb:1   | Killed a greater mummy
 74166 | Tomb:1   | Killed a greater mummy
 74170 | Tomb:1   | Killed a greater mummy
 74426 | Tomb:3   | Entered Level 3 of the Tomb of the Ancients
 74440 | Tomb:3   | Reached skill level 10 in Invocations
 74768 | Tomb:3   | Noticed Mara
 74771 | Tomb:3   | Noticed mistymad's illusion
 74907 | Tomb:3   | Noticed a greater mummy
 74909 | Tomb:3   | Noticed a greater mummy
 74914 | Tomb:3   | Noticed mistymad's illusion
 74914 | Tomb:3   | Noticed a greater mummy
 74915 | Tomb:3   | Noticed a greater mummy
 74917 | Tomb:3   | Noticed a greater mummy
 74923 | Tomb:3   | Noticed a greater mummy
 74923 | Tomb:3   | Noticed an ancient lich
 74928 | Tomb:2   | Killed Mara
 75096 | Tomb:2   | Killed a greater mummy
 75107 | Tomb:2   | Killed a greater mummy
 75532 | Tomb:2   | Killed a greater mummy
 75532 | Tomb:2   | Reached skill level 10 in Dodging
 75577 | Tomb:2   | Killed a greater mummy
 75609 | Tomb:3   | Noticed a greater mummy
 75672 | Tomb:3   | Noticed a greater mummy
 75691 | Tomb:2   | Killed a greater mummy
 75694 | Tomb:2   | Killed a greater mummy
 75845 | Tomb:2   | Killed an ancient lich
 75970 | Tomb:2   | Killed a greater mummy
 76040 | Tomb:3   | Killed a greater mummy
 76157 | Tomb:3   | Got a golden rune of Zot
 76292 | Tomb:3   | Got a brightly glowing silver ring
 76429 | Tomb:3   | Identified the ring of Mistrust {rF++ AC+3 Dex+4 Slay-4} (You found it on level 3 of the Tomb of the Ancients)
 76496 | Tomb:3   | Got a clouded sapphire amulet
 76499 | Tomb:3   | Identified the amulet "Xecitu" {MR+ Regen+} (You found it on level 3 of the Tomb of the Ancients)
 77256 | Pan      | Entered Pandemonium
 77889 | Pan      | Found an exit through the horrors of the Abyss.
 78410 | Pan      | Found an exit through the horrors of the Abyss.
 78781 | Pan      | Found an exit through the horrors of the Abyss.
 78975 | Pan      | Reached skill level 15 in Dodging
 79046 | Pan      | Found an exit through the horrors of the Abyss.
 79054 | Pan      | Got a bound jade amulet
 79062 | Pan      | Identified the amulet "Aclaireh" {Inacc *Drain Int+2 Dex+5} (You found it in Pandemonium)
 79313 | Pan      | Found an exit through the horrors of the Abyss.
 79338 | Pan      | Noticed Coddadom the pandemonium lord
 79347 | Pan      | Killed Coddadom the pandemonium lord
 79468 | Pan      | Gained mutation: Scrolls take you a little longer to read. [a cacodemon]
 79560 | Pan      | Noticed Vejuy the pandemonium lord
 79595 | Pan      | Killed Vejuy the pandemonium lord
 79595 | Pan      | Reached skill level 15 in Invocations
 79716 | Pan      | Got a demonic rune of Zot
 80006 | Pan      | Noticed Winesm the pandemonium lord
 80016 | Pan      | Killed Winesm the pandemonium lord
 80121 | Pan      | Noticed Etahob the pandemonium lord
 80144 | Pan      | Killed Etahob the pandemonium lord
 80364 | Pan      | Gained mutation: You tend to lose your temper in combat. [a cacodemon]
 80557 | Pan      | Found an exit through the horrors of the Abyss.
 80599 | Pan      | Gained mutation: You have large cloven feet. [a neqoxec]
 80874 | Pan      | Found an exit through the horrors of the Abyss.
 80904 | Pan      | Noticed Naonteim the pandemonium lord
 80911 | Pan      | Killed Naonteim the pandemonium lord
 81218 | Pan      | Found an exit through the horrors of the Abyss.
 81371 | Pan      | Noticed Gavyo the pandemonium lord
 81616 | Pan      | Noticed Ukkaklal the pandemonium lord
 81620 | Pan      | Killed Ukkaklal the pandemonium lord
 81683 | Pan      | Found an exit through the horrors of the Abyss.
 81706 | Pan      | Found a runed door.
 81715 | Pan      | Found a runed door.
 81718 | Pan      | Found a runed door.
 81721 | Pan      | Noticed Vecut the pandemonium lord
 81732 | Pan      | Killed Vecut the pandemonium lord
 81750 | Pan      | Found a runed door.
 81764 | Pan      | Identified the Reference Book on the Escort and Aid
 82125 | Pan      | Found an exit through the horrors of the Abyss.
 82196 | Pan      | Gained mutation: You regenerate slowly when monsters are visible. [a cacodemon]
 82202 | Pan      | Noticed Baxuorch the pandemonium lord
 82231 | Pan      | Killed Baxuorch the pandemonium lord
 83277 | Pan      | Noticed a seraph
 83295 | Pan      | Was placed under penance by the Shining One
 83477 | Pan      | Reached skill level 27 in Maces & Flails
 83611 | Pan      | Noticed Ovviniec the pandemonium lord
 83615 | Pan      | Was forgiven by the Shining One
 83679 | Pan      | Killed Ovviniec the pandemonium lord
 83680 | Pan      | Found an exit through the horrors of the Abyss.
 83945 | Pan      | Found an exit through the horrors of the Abyss.
 84473 | Pan      | Noticed Gappiaze the pandemonium lord
 84486 | Pan      | Killed Gappiaze the pandemonium lord
 84539 | Pan      | Noticed Kyvael the pandemonium lord
 84596 | Pan      | Noticed Mennas
 84627 | Pan      | Killed Mennas
 84633 | Pan      | Gained mutation: You occasionally shout uncontrollably at your foes. [a cacodemon]
 84637 | Pan      | Gained mutation: You are weak. (Str -2) [a cacodemon]
 84667 | Pan      | Killed Kyvael the pandemonium lord
 84727 | Pan      | Found an exit through the horrors of the Abyss.
 84909 | Pan      | Entered the realm of Mnoleg.
 84913 | Pan      | Gained mutation: You sometimes yell uncontrollably at your foes. [a neqoxec]
 84933 | Pan      | Gained mutation: You are very dopey. (Int -4) [a neqoxec]
 84934 | Pan      | Gained mutation: Your spells are a little easier to cast, but a little less powerful. [a neqoxec]
 85185 | Pan      | Gained mutation: You expend magic power (3 MP) to strengthen your wands. [a cacodemon]
 85551 | Pan      | Found an exit through the horrors of the Abyss.
 85626 | Pan      | Gained mutation: Scrolls take you longer to read. [a shining eye]
 85627 | Pan      | Gained mutation: You are frail. (-10% HP) [a shining eye]
 85682 | Pan      | Gained mutation: Your spells are easier to cast, but less powerful. [a neqoxec]
 85694 | Pan      | Gained mutation: Your spells are much easier to cast, but much less powerful. [a cacodemon]
 85697 | Pan      | Gained mutation: Your body sometimes deteriorates upon taking damage. [a cacodemon]
 85781 | Pan      | Gained mutation: You frequently scream uncontrollably at your foes. [a neqoxec]
 85787 | Pan      | Gained mutation: You are very weak. (Str -4) [a neqoxec]
 85793 | Pan      | Gained mutation: You are clumsy. (Dex -2) [a neqoxec]
 85802 | Pan      | Gained mutation: You are occasionally teleported next to monsters. [a neqoxec]
 85806 | Pan      | Gained mutation: Scrolls take you much longer to read. [a neqoxec]
 85809 | Pan      | Gained mutation: You often lose your temper in combat. [a neqoxec]
 85840 | Pan      | Gained mutation: Your magical capacity is low. (-10% MP) [a neqoxec]
 85887 | Pan      | Noticed Mnoleg
 85898 | Pan      | Paralysed by a giant eyeball for 2 turns
 85911 | Pan      | Paralysed by a giant eyeball for 2 turns
 86049 | Pan      | Gained mutation: Armour fits poorly on your strangely shaped body. [a cacodemon]
 86117 | Pan      | Paralysed by a giant eyeball for 4 turns
 86121 | Pan      | Killed Mnoleg
 86208 | Pan      | Lost mutation: You regenerate slowly when monsters are visible. [mutagenic meat]
 86211 | Pan      | Lost mutation: Your body sometimes deteriorates upon taking damage. [mutagenic meat]
 86306 | Pan      | Got a glowing rune of Zot
 86349 | Pan      | Lost mutation: You are very weak. (Str -4) [potion of cure mutation]
 86349 | Pan      | Lost mutation: You often lose your temper in combat. [potion of cure mutation]
 86349 | Pan      | Lost mutation: You are clumsy. (Dex -2) [potion of cure mutation]
 86349 | Pan      | Lost mutation: You are very dopey. (Int -4) [potion of cure mutation]
 86351 | Pan      | Lost mutation: You tend to lose your temper in combat. [potion of cure mutation]
 86351 | Pan      | Lost mutation: You expend magic power (3 MP) to strengthen your wands. [potion of cure mutation]
 86351 | Pan      | Lost mutation: Your magical capacity is low. (-10% MP) [potion of cure mutation]
 86351 | Pan      | Lost mutation: Your spells are much easier to cast, but much less powerful. [potion of cure mutation]
 86351 | Pan      | Lost mutation: Scrolls take you much longer to read. [potion of cure mutation]
 86352 | Pan      | Lost mutation: You are weak. (Str -2) [potion of cure mutation]
 86352 | Pan      | Lost mutation: You frequently scream uncontrollably at your foes. [potion of cure mutation]
 86352 | Pan      | Lost mutation: Scrolls take you longer to read. [potion of cure mutation]
 86352 | Pan      | Lost mutation: Scrolls take you a little longer to read. [potion of cure mutation]
 86352 | Pan      | Lost mutation: You sometimes yell uncontrollably at your foes. [potion of cure mutation]
 86362 | Pan      | Lost mutation: Armour fits poorly on your strangely shaped body. [potion of cure mutation]
 86362 | Pan      | Lost mutation: You are dopey. (Int -2) [potion of cure mutation]
 86362 | Pan      | Lost mutation: You are frail. (-10% HP) [potion of cure mutation]
 86362 | Pan      | Lost mutation: You occasionally shout uncontrollably at your foes. [potion of cure mutation]
 86362 | Pan      | Lost mutation: Your spells are easier to cast, but less powerful. [potion of cure mutation]
 86367 | Pan      | Lost mutation: You have large cloven feet. [potion of cure mutation]
 86367 | Pan      | Lost mutation: Your spells are a little easier to cast, but a little less powerful. [potion of cure mutation]
 86367 | Pan      | Lost mutation: You are occasionally teleported next to monsters. [potion of cure mutation]
 86442 | Pan      | Found an exit through the horrors of the Abyss.
 86582 | Pan      | Found an exit through the horrors of the Abyss.
 87054 | Pan      | Entered the realm of Gloorx Vloq.
 87186 | Pan      | Noticed Gloorx Vloq
 87456 | Pan      | Killed Gloorx Vloq
 87475 | Pan      | Got a dark rune of Zot
 87664 | Pan      | Found an exit through the horrors of the Abyss.
 88302 | Pan      | Found an exit through the horrors of the Abyss.
 88593 | Pan      | Entered the realm of Lom Lobon.
 88717 | Pan      | Found an exit through the horrors of the Abyss.
 89305 | Pan      | Noticed Lom Lobon
 89542 | Pan      | Killed Lom Lobon
 89570 | Pan      | Got a magical rune of Zot
 89850 | Pan      | Noticed Onarphux the pandemonium lord
 89884 | Pan      | Killed Onarphux the pandemonium lord
 89951 | Pan      | Noticed Boidaetz the pandemonium lord
 89953 | Pan      | Gained mutation: You are weak. (Str -2) [a neqoxec]
 89970 | Pan      | Killed Boidaetz the pandemonium lord
 90021 | Pan      | Entered the realm of Cerebov.
 90273 | Pan      | Noticed Cerebov
 90370 | Pan      | Killed Cerebov
 90429 | Pan      | Got a transparent copper ring
 90471 | Pan      | Got a fiery rune of Zot
 90847 | Pan      | Found an exit through the horrors of the Abyss.
 91016 | Pan      | Got a flickering sapphire amulet
 91017 | Pan      | Identified the amulet "Oraqagug" {Faith rPois Str-2 SInv} (You found it in Pandemonium)
 91020 | Pan      | Identified the ring "Urask" {*Contam +Fly Str-4 Int+2 Dex+10} (You found it in Pandemonium)
 91390 | Pan      | Noticed Moqid the pandemonium lord
 91399 | Pan      | Killed Moqid the pandemonium lord
 91444 | Pan      | Found an exit through the horrors of the Abyss.
 91757 | Pan      | Found an exit through the horrors of the Abyss.
 91775 | Pan      | Got a fine hat
 91777 | Pan      | Identified the +0 hat of Marbles {rElec rC+++ MR- Str+5} (You acquired it in Pandemonium)
 91865 | Pan      | Noticed Bischal the pandemonium lord
 91879 | Pan      | Killed Bischal the pandemonium lord
 91944 | Pan      | Found a runed door.
 91950 | Pan      | Found a runed door.
 91951 | Pan      | Noticed Apuem the pandemonium lord
 91951 | Pan      | Found a runed door.
 91977 | Pan      | Killed Apuem the pandemonium lord
 91989 | Pan      | Found a runed door.
 91994 | Pan      | Got a steaming gossamer ring
 91995 | Pan      | Identified the ring "Vuow" {Int+3 SInv} (You found it in Pandemonium)
 92062 | Pan      | Found an exit through the horrors of the Abyss.
 92159 | Pan      | Noticed Qeyr the pandemonium lord
 92172 | Pan      | Killed Qeyr the pandemonium lord
 92287 | Depths:3 | Escaped Pandemonium
 92330 | Depths:3 | Reached skill level 1 in Evocations
 92454 | Depths:2 | Voluntarily entered the Abyss.
 92454 | Abyss:1  | Found a corrupted altar of Lugonu.
 92709 | Abyss:3  | Got an abyssal rune of Zot
 92783 | Depths:2 | Escaped the Abyss
 92854 | Hell     | Entered the Vestibule of Hell
 92854 | Hell     | Noticed Geryon
 92899 | Hell     | Killed Geryon
 92899 | Hell     | Reached skill level 5 in Evocations
 92908 | Hell     | Noticed Murray
 92932 | Hell     | Killed Murray
 93112 | Hell     | Found a gateway to the freezing wastes of Cocytus.
 93179 | Hell     | Found a gateway to the decaying netherworld of Tartarus.
 93264 | Hell     | Found a gateway to the ashen valley of Gehenna.
 93349 | Hell     | Found a gateway to the Iron City of Dis.
 93418 | Coc:1    | Entered Level 1 of Cocytus
 93891 | Coc:5    | Reached skill level 10 in Evocations
 93933 | Coc:6    | Found a huge runed gate.
 93933 | Coc:6    | Found a huge runed gate.
 93933 | Coc:6    | Found a huge runed gate.
 93933 | Coc:6    | Found a huge runed gate.
 93933 | Coc:6    | Found a huge runed gate.
 93959 | Coc:6    | Found a huge runed gate.
 93960 | Coc:6    | Found a huge runed gate.
 93964 | Coc:6    | Found a huge runed gate.
 93964 | Coc:6    | Found a huge runed gate.
 93964 | Coc:6    | Found a huge runed gate.
 93964 | Coc:6    | Found a huge runed gate.
 93964 | Coc:6    | Found a huge runed gate.
 93965 | Coc:6    | Found a huge runed gate.
 93966 | Coc:6    | Found a huge runed gate.
 94188 | Coc:7    | Entered Level 7 of Cocytus
 94601 | Coc:7    | Noticed Antaeus
 94634 | Coc:7    | Killed Antaeus
 94692 | Coc:7    | Got a steaming helmet
 94693 | Coc:7    | Identified the cursed -4 helmet of the Turtledove {+Inv} (You found it on level 7 of Cocytus)
 94779 | Coc:7    | Got an icy rune of Zot
 95214 | Geh:1    | Entered Level 1 of Gehenna
 95895 | Geh:4    | Gained mutation: Your spells are a little easier to cast, but a little less powerful. [mutagenic glow]
 96048 | Geh:7    | Entered Level 7 of Gehenna
 96423 | Geh:7    | Noticed Asmodeus
 96435 | Geh:7    | Killed Asmodeus
 96449 | Geh:7    | Got an obsidian rune of Zot
 96713 | Tar:1    | Entered Level 1 of Tartarus
 98065 | Tar:6    | Reached skill level 27 in Dodging
 98082 | Tar:7    | Entered Level 7 of Tartarus
 98533 | Tar:7    | Noticed an ancient lich
 98534 | Tar:7    | Noticed an ancient lich
 98537 | Tar:7    | Killed an ancient lich
 98541 | Tar:7    | Gained mutation: Your spells are easier to cast, but less powerful. [mutagenic glow]
 98546 | Tar:7    | Killed an ancient lich
 98590 | Tar:7    | Gained mutation: Your magical capacity is low. (-10% MP) [mutagenic glow]
 98603 | Tar:7    | Got a twitching lead amulet
 98604 | Tar:7    | Identified the amulet "Uwilead" {Dismiss +Blink +Fly rC+++ Int-3} (You found it on level 7 of Tartarus)
 98865 | Tar:7    | Noticed Ereshkigal
 98887 | Tar:7    | Killed Ereshkigal
 98912 | Tar:7    | Got a bone rune of Zot
 99098 | Dis:1    | Entered Level 1 of the Iron City of Dis
 99171 | Dis:3    | You are sucked into a shaft for 3 floors!
 99203 | Dis:7    | Entered Level 7 of the Iron City of Dis
 99568 | Dis:7    | Noticed the Serpent of Hell
 99589 | Dis:7    | Killed the Serpent of Hell
 99589 | Dis:7    | Reached skill level 27 in Invocations
 99726 | Dis:7    | Noticed Dispater
 99761 | Dis:7    | Killed Dispater
 99826 | Dis:7    | Got an iron rune of Zot
 99880 | Depths:2 | Lost mutation: Your magical capacity is low. (-10% MP) [potion of cure mutation]
 99880 | Depths:2 | Lost mutation: You are weak. (Str -2) [potion of cure mutation]
 99880 | Depths:2 | Lost mutation: Your spells are easier to cast, but less powerful. [potion of cure mutation]
 99880 | Depths:2 | Lost mutation: Your spells are a little easier to cast, but a little less powerful. [potion of cure mutation]
100146 | Zot:5    | Noticed an ancient lich
100159 | Zot:5    | Killed an ancient lich
100193 | Zot:5    | Noticed an orb of fire
100194 | Zot:5    | Gained mutation: Your spells are a little harder to cast, but a little more powerful. [an orb of fire]
100195 | Zot:5    | Noticed an orb of fire
100195 | Zot:5    | Gained mutation: You are frail. (-10% HP) [an orb of fire]
100196 | Zot:5    | Noticed an orb of fire
100199 | Zot:5    | Killed an orb of fire
100207 | Zot:5    | Gained mutation: You are dopey. (Int -2) [an orb of fire]
100211 | Zot:5    | Killed an orb of fire
100235 | Zot:5    | Killed an orb of fire
100235 | Zot:5    | Reached skill level 15 in Evocations
100244 | Zot:5    | Lost mutation: Your spells are a little harder to cast, but a little more powerful. [potion of cure mutation]
100244 | Zot:5    | Lost mutation: You are dopey. (Int -2) [potion of cure mutation]
100244 | Zot:5    | Lost mutation: You are frail. (-10% HP) [potion of cure mutation]
100288 | Zot:5    | Noticed an orb of fire
100296 | Zot:5    | Gained mutation: Your body sometimes deteriorates upon taking damage. [an orb of fire]
100314 | Zot:5    | Killed an orb of fire
100371 | Zot:5    | Noticed an ancient lich
100376 | Zot:5    | Noticed an orb of fire
100404 | Zot:5    | Gained mutation: You have a pair of small horns on your head. [an orb of fire]
100408 | Zot:5    | Killed an orb of fire
100415 | Zot:5    | Killed an ancient lich
100449 | Zot:5    | Got the Orb of Zot
100829 | Depths:1 | Noticed Viulyvid the pandemonium lord
100843 | Depths:1 | Killed Viulyvid the pandemonium lord
101008 | D:9      | Noticed Enaon the pandemonium lord
101069 | D:6      | Noticed Narchas the pandemonium lord
101086 | D:6      | Killed Narchas the pandemonium lord
101087 | D:6      | Gained mutation: Armour fits poorly on your strangely shaped body. [a neqoxec]
101089 | D:6      | Gained mutation: Your body often deteriorates upon taking damage. [a neqoxec]
101146 | D:3      | Noticed Quonolud the pandemonium lord
101174 | D:3      | Killed Quonolud the pandemonium lord
101394 | D:1      | Gained mutation: Your muscles are strong. (Str +2) [potion of mutation]
101394 | D:1      | Gained mutation: You are partially covered in large bone plates. (AC +2, SH +2) [potion of mutation]
101395 | D:1      | Lost mutation: Your muscles are strong. (Str +2) [potion of mutation]
101395 | D:1      | Gained mutation: You occasionally shout uncontrollably at your foes. [potion of mutation]
101396 | D:1      | Gained mutation: You are dopey. (Int -2) [potion of mutation]
101396 | D:1      | Gained mutation: Your magical capacity is low. (-10% MP) [potion of mutation]
101397 | D:1      | Lost mutation: You are dopey. (Int -2) [potion of mutation]
101397 | D:1      | Gained mutation: You are clumsy. (Dex -2) [potion of mutation]
101398 | D:1      | Gained mutation: Your flesh is cold resistant. (rC+) [potion of mutation]
101398 | D:1      | Gained mutation: You can translocate small distances at will. [potion of mutation]
101398 | D:1      | Gained mutation: You passively map a small area around you. [potion of mutation]
101399 | D:1      | Lost mutation: Your body often deteriorates upon taking damage. [potion of mutation]
101399 | D:1      | Lost mutation: Your body sometimes deteriorates upon taking damage. [potion of mutation]
101400 | D:1      | Lost mutation: You occasionally shout uncontrollably at your foes. [potion of mutation]
101401 | D:1      | Gained mutation: You are dopey. (Int -2) [potion of mutation]
101401 | D:1      | Gained mutation: You are robust. (+10% HP) [potion of mutation]
101402 | D:1      | Lost mutation: You are partially covered in large bone plates. (AC +2, SH +2) [potion of mutation]
101402 | D:1      | Gained mutation: You possess an exceptional clarity of mind. [potion of mutation]
101403 | D:1      | Lost mutation: You have a pair of small horns on your head. [potion of mutation]
101403 | D:1      | Gained mutation: Your spells are a little easier to cast, but a little less powerful. [potion of mutation]
101404 | D:1      | Lost mutation: Armour fits poorly on your strangely shaped body. [potion of mutation]
101405 | D:1      | Lost mutation: You are dopey. (Int -2) [potion of cure mutation]
101405 | D:1      | Lost mutation: You are robust. (+10% HP) [potion of cure mutation]
101405 | D:1      | Lost mutation: You are clumsy. (Dex -2) [potion of cure mutation]
101405 | D:1      | Lost mutation: You passively map a small area around you. [potion of cure mutation]
101406 | D:1      | Lost mutation: You possess an exceptional clarity of mind. [potion of cure mutation]
101406 | D:1      | Lost mutation: Your spells are a little easier to cast, but a little less powerful. [potion of cure mutation]
101406 | D:1      | Lost mutation: Your flesh is cold resistant. (rC+) [potion of cure mutation]
101406 | D:1      | Lost mutation: You can translocate small distances at will. [potion of cure mutation]
101406 | D:1      | Lost mutation: Your magical capacity is low. (-10% MP) [potion of cure mutation]
101407 | D:1      | Gained mutation: You are partially covered in large bone plates. (AC +2, SH +2) [potion of beneficial mutation]
101408 | D:1      | Gained mutation: You have a pair of small horns on your head. [potion of beneficial mutation]
101409 | D:1      | Gained mutation: You have supernaturally acute eyesight. (SInv) [potion of beneficial mutation]
101410 | D:1      | Gained mutation: You are resistant to hostile enchantments. (MR+) [potion of beneficial mutation]
101411 | D:1      | Gained mutation: You have sharp fingernails. [potion of beneficial mutation]
101412 | D:1      | Gained mutation: You have sharp toenails. [potion of beneficial mutation]
101516 | D:$      | Escaped with the Orb!

Vault maps used:
D:1:      minmay_arrival_solitary_statue
D:2:      marbit_many_paths, uniq_robin
D:3:      first_bread
D:4:      grunt_ministairs_1, minmay_misc_feat_iff, fedhas_altar_2,
          uniq_sigmund, uniq_menkaure
D:5:      hangedman_decor_peaks_small
D:6:      uniq_blork_the_orc, uniq_eustachio, uniq_duvessa
D:7:      the_bakery, nicolae_ru_sacrificial_ziggurat, uniq_crazy_yiuf_cottage,
          uniq_joseph, uniq_pikel
D:9:      dpeg_lair_monsters, serial_column_ruins, column_ruins_courtyard_long,
          column_ruins_hut_water, column_ruins_open_tiny,
          column_ruins_open_tiny, column_ruins_open_tiny,
          column_ruins_open_tiny, column_ruins_columns_corner, trog_book
D:10:     uniq_snorg
D:11:     minmay_orc_entry_temple_small, serial_shops, nicolae_shop_crystal
D:12:     lemuel_bear_cage, enter_bailey_2, lemuel_old_faithful
D:13:     uniq_kirke
D:14:     erik_vaults_2, minivault_19
D:15:     hangedman_depths_entry_try_elsewhere_first, portal_ice_cave_entry_imps
Temple:   kilobyte_greek_temple
Lair:1:   eino_small_chamber_without_monster, uniq_sonja
Lair:2:   grunt_forest_stairs_basic, minmay_guarded_unrand_chilly_death
Lair:3:   minmay_swamp_entry_reptiles, bh_autumn_forest_stairs
Lair:4:   dummy_snake_entry, st_stairs_10, serial_bayou_pond_b,
          cheibrodos_lair_caveside_slide, lemuel_fruit_tree,
          serial_bayou_shore_a, grunt_megastairs_5
Lair:5:   uniq_nessos
Lair:6:   minmay_lair_end_enchanted_forest, slime_altar_1,
          minmay_another_anthill
Swamp:1:  infiniplex_staircase_pool, swamp_pool5,
          nicolae_swamp_very_dense_foliage
Swamp:2:  evilmike_swamp_ruin_house_6
Swamp:3:  evilmike_swamp_ruin_house_1, nicolae_swamp_fairy_circle
Swamp:4:  swamp_pestilence
Snake:1:  uniq_rupert
Snake:2:  serial_bayou_pond_c
Snake:3:  basic_altar
Snake:4:  snake_pit, grunt_megastairs_3
Slime:1:  nicolae_slime_barrier
Slime:2:  cheibrodos_slime_lost_civilization_4
Slime:3:  dissolution_awaits
Orc:1:    uniq_josephine
Orc:2:    grunt_orc_gardens, grunt_orc_garden, grunt_orc_garden,
          grunt_orc_garden, grunt_orc_garden, basic_altar
Elf:1:    dpeg_oklob_gauntlet, basic_altar, serial_shops, shop,
          minmay_elf_crystal_hexagon, uniq_nikola, uniq_aizul, uniq_azrael
Elf:2:    serial_shops, shop_coins
Elf:3:    minmay_elf_hall_spiked, serial_glass, glass_columns_b,
          glass_columns_b, serial_shops, nicolae_shop_stone
Vaults:1: v_misc_32, grunt_vaults_bifocal, v_misc_25, v_pattern_2, serial_ice_g,
          nicolae_vaults_little_squares_6, v_rooms_5, hangedman_vaults_locks,
          vaults_mumra_chevron, v_rooms_6, vaults_room_large_hall, v_misc_4,
          ontoclasm_vaults_decontamination, vaults_dpeg_hooks,
          ontoclasm_vaults_shuriken
Vaults:2: nicolae_vaults_what_the_h, grunt_vaults_trifunnel, v_misc_16,
          ontoclasm_vaults_loading_screen, nicolae_vaults_little_squares_6,
          ontoclasm_vaults_pinch, nicolae_vaults_twisting_passages,
          nicolae_vaults_specimen_jars, v_pattern_1, hangedman_vaults_slice,
          vaults_mumra_hex, uniq_asterion, uniq_jorgrun
Vaults:3: minmay_crypt_entry_nasty_monster, v_misc_23, vaults_room_grid,
          v_misc_11, v_pattern_5, vaults_room_octagon, v_misc_14,
          nicolae_vaults_circle_grid_a, v_misc_18, v_misc_31, basic_altar
Vaults:4: nicolae_vaults_network_star, nicolae_vaults_quartermaster, v_misc_23,
          nicolae_vaults_big_angled_halls, v_misc_5, vaults_dpeg_ring,
          nicolae_vaults_sealed_display, vaults_room_pools
Vaults:5: uniq_boris
Crypt:1:  hex_tiny, nicolae_crypt_little_mausoleum
Crypt:2:  small_chamber_with_monster
Crypt:3:  evilmike_haunted_forest
Tomb:3:   uniq_mara
Depths:1: enter_ziggurat_b, minmay_misc_feat_square, grunt_hell_entry_dis_grunt,
          kennysheep_pointless_box, minivault_11, kennysheep_generic_room_9,
          uniq_saint_roka
Depths:2: minmay_isolated_rectangles_in_corner, abyss_entry,
          pf_hell_entry_tar_river, firewood_loft, grunt_megastairs_4
Depths:3: hangedman_spin_cycle, hell_entry, pan_entry
Depths:4: evilmike_halls_of_destruction, hell_entry, minmay_stone_trees_medium,
          grunt_pan_entry_zigzag, abyss_entry_flame_altar,
          kennysheep_minor_cross
Depths:5: grunt_zot_entry_hairpin, minmay_misc_feat_four_crosses,
          lightli_too_deep, serial_bayou_shore_b
Dis:1:    evilmike_ambush
Dis:7:    iron_city_of_dis
Geh:3:    lemuel_hellish_altar
Geh:7:    geh_old
Coc:6:    door_vault
Coc:7:    coc_grunt_cove
Tar:1:    minmay_shadows, nicolae_tar_cuneiform_not
Tar:5:    hangedman_restless_catacombs
Tar:6:    grunt_deathspiral_small
Tar:7:    tar_old
Zot:1:    hangedman_zot_decor_unnerving_road
Zot:2:    kennysheep_blocky_hall, grunt_ministairs_15
Zot:3:    zot_minivault_8, basic_stair_grate_trap
Abyss:2:  hangedman_abyss_batty_box
Abyss:3:  grunt_abyss_rune_wretched_hive, evilmike_abyss_exit_17,
          hangedman_abyss_or_decor_stagger
Pan:      rand_demon_4, nicolae_pan_mnolegish_5, evilmike_mini_pan_doors_b,
          evilmike_mini_pan_corner, pan_blood_fountain_small,
          nicolae_pan_diamonds, nicolae_pan_double_arrow,
          evilmike_mini_pan_diamond, evilmike_mini_pan_layers, uniq_mennas_pan,
          rand_demon_1, rand_demon_3, pan_blood_fountain_small,
          evilmike_mini_pan_layers, rand_demon_2, evilmike_mini_pan_pillars,
          pan_blood_fountain_small, evilmike_mini_pan_3x3,
          grunt_pan_frozen_over, nicolae_pan_lom_lobonic_1, grunt_pan_sceptre,
          rand_demon_7, reaverb_pan_squares, nicolae_pan_diamonds,
          nicolae_pan_glass_arcs, evilmike_holy_pan, evilmike_mini_pan_diamond,
          evilmike_mini_pan_rooms, pan_blood_fountain_small,
          nicolae_pan_gloorx_vloqian_3, evilmike_mini_pan_doors_b,
          nicolae_pan_gloorx_vloqian_2, evilmike_mini_pan_corner, rand_demon_2,
          uniq_mennas_pan, mnoleg_st, evilmike_mini_pan_murderfest,
          pan_disco_hall, pan_blood_fountain_small, rand_demon_4,
          pan_blood_fountain_small, evilmike_mini_pan_pillars_b,
          gloorx_vloq_grunt, pan_blood_fountain, grunt_pan_in_and_out,
          pan_blood_fountain, nicolae_pan_sigil_eeng,
          evilmike_mini_pan_branches, pan_blood_fountain_small,
          pan_captured_pigsty, lom_lobon_spiral_st, rand_demon_8,
          evilmike_mini_pan_possible_glass, evilmike_cerebov_lava,
          grunt_pan_in_and_out, pan_blood_fountain_small,
          evilmike_mini_pan_corridor, pan_blood_fountain,
          evilmike_mini_pan_branches, rand_demon_7, pan_blood_fountain_small,
          evilmike_mini_pan_layers, pan_blood_fountain_2
Bailey:   bailey_axe_2, bailey
IceCv:    ice_cave_caverns_02

Skill      XL: |  1  2  3  4  5  6  7  8  9 10 11 12 13 14 15 16 17 18 19 20 21 22 23 24 25 26 27 |
---------------+----------------------------------------------------------------------------------+-----
Armour         | 4 5 6 7 8 9 10 11 12 13 14 15 16 17 18 19 20 21 22 23 27 | 27.0
Shields        | 4 5 6 7 8 9 11 12 13 14 15 16 17 18 19 20 21 22 23 27 | 27.0
Maces & Flails | 3 4 5 7 8 9 10 11 12 13 14 15 16 17 18 19 20 21 27 | 27.0
Fighting       | 4 5 6 8 9 10 11 12 13 14 15 16 17 18 19 20 23 25 26 27 | 27.0
Invocations    | 2 5 7 27 | 27.0
Dodging        | 27 | 27.0
Evocations     | 18 | 18.5

Action                   |  1- 3 |  4- 6 |  7- 9 | 10-12 | 13-15 | 16-18 | 19-21 | 22-24 | 25-27 || total
-------------------------+-------+-------+-------+-------+-------+-------+-------+-------+-------++-------
Melee: Flail             |   134 |   258 |   159 |   871 |  1188 |       |       |       |       ||  2610
       Whip              |       |       |   397 |   304 |       |       |       |       |       ||   701
       Unarmed           |       |       |       |     9 |       |       |       |       |       ||     9
       Demon whip        |       |       |       |       |   809 |  1488 |  2113 |  1704 |    94 ||  6208
       Morningstar       |       |       |       |       |       |       |       |    36 |   767 ||   803
       Eveningstar       |       |       |       |       |       |       |       |       | 10811 || 10811
       Headbutt          |       |       |       |       |       |       |       |       |    70 ||    70
Invok: Heroism           |       |       |       |    11 |     8 |    22 |     7 |     8 |    11 ||    67
       Finesse           |       |       |       |       |     7 |    16 |     5 |     8 |    10 ||    46
       Summon Divine War |       |       |       |       |       |       |       |       |    57 ||    57
       Divine Shield     |       |       |       |       |       |       |       |       |    38 ||    38
       Cleansing Flame   |       |       |       |       |       |       |       |       |    14 ||    14
       Brand Weapon With |       |       |       |       |       |       |       |       |     1 ||     1
 Abil: Fly               |       |       |       |       |     1 |     1 |     1 |       |     7 ||    10
       Stop Flying       |       |       |       |       |       |     2 |     1 |     1 |     6 ||    10
       Evoke Berserk Rag |       |       |       |       |       |       |       |     1 |       ||     1
Evoke: Wand              |       |       |       |     2 |    11 |     4 |     9 |     1 |    65 ||    92
       Lamp of fire      |       |       |       |       |       |       |     1 |       |       ||     1
  Use: Potion            |       |       |     1 |       |       |     3 |     1 |     2 |    48 ||    55
       Scroll            |       |       |       |    23 |    15 |    14 |     5 |    18 |    90 ||   165
 Stab: Paralysed         |       |       |       |     2 |     5 |       |       |       |       ||     7
       Distracted        |       |       |       |       |       |       |       |       |     4 ||     4
       Sleeping          |       |       |       |       |       |       |       |       |     1 ||     1
  Eat: Chunk             |       |     6 |    13 |    26 |    46 |    44 |    30 |    26 |    96 ||   287
       Bread ration      |       |       |     1 |     1 |       |       |       |       |     8 ||    10
       Pizza             |       |       |       |     2 |       |     2 |       |       |     7 ||    11
       Fruit             |       |       |       |       |       |     1 |     2 |       |    38 ||    41
       Beef jerky        |       |       |       |       |       |       |       |       |     6 ||     6
       Meat ration       |       |       |       |       |       |       |       |       |     4 ||     4
       Royal jelly       |       |       |       |       |       |       |       |       |     1 ||     1
Armor: Scale mail        |    80 |   159 |    92 |       |       |       |       |       |       ||   331
       Plate armour      |       |       |   117 |   373 |   694 |   253 |       |       |       ||  1437
       Skin              |       |       |       |       |     1 |       |       |       |       ||     1
       Ice dragon armour |       |       |       |       |    56 |       |       |       |       ||    56
       Gold dragon armou |       |       |       |       |       |    32 |   711 |   616 |  4608 ||  5967
Dodge: Dodged            |    50 |   109 |    66 |   123 |   222 |   112 |   201 |   170 |  3336 ||  4389
Block: Shield            |    62 |   150 |   100 |       |       |       |       |       |       ||   312
       Large shield      |       |       |   260 |   965 |  1927 |   906 |  1815 |  1449 | 15436 || 22758
       Reflection        |       |       |       |       |       |       |       |       |   279 ||   279
